 Dungeon Crawl Stone Soup version 0.31.0-11-ge490571c62 (webtiles) character file.

Game seed: 15272012332741799298

1609 qw the Nimble (level 8, -6/40 HPs)
             Began as a Spriggan Hunter on Feb 4, 2024.
             Mangled by a human
             ... wielding a +0 club
              (9 damage)
             ... on level 6 of the Dungeon.
             The game lasted 00:00:24 (4820 turns).

qw the Nimble (Spriggan Hunter)                     Turns: 4820, Time: 00:00:24

Health: -6/40      AC:  4    Str:  7    XL:     8   Next: 63%
Magic:  9/9        EV: 24    Int: 11    God:
Gold:   251        SH:  0    Dex: 20    Spells: 7/7 levels left

rFire   . . .        a - +0 shortbow
rCold   . . .        (shield currently unavailable)
rNeg    + . .        c - +0 robe
rPois   .            f - +2 hat
rElec   .            (no cloak)
rCorr   +            (gloves unavailable)
SInv    +            (boots unavailable)
Will    +....        d - amulet of the acrobat
Stlth   ++           e - ring of positive energy
HPRegen 0.26/turn    h - ring of resist corrosion
MPRegen 0.11/turn

%: acrobat
@: very quick
A: very small, no large weapons, unfitting armour, see invisible, speed 3
a: no special abilities


You were on level 6 of the Dungeon.
You visited 2 branches of the dungeon, and saw 7 of its levels.

You collected 251 gold pieces.


Innate Abilities, Weirdness & Mutations

You are very small and have problems with some larger weapons.
You are too small for most types of armour.
You have supernaturally acute eyesight. (SInv)
You cover ground extremely quickly. (Speed+++)


   Skills:
 - Level 3.1 Fighting
 + Level 9.0 Ranged Weapons
 - Level 9.2 Dodging
 - Level 1.5 Stealth


You had 7 spell levels left.
You didn't know any spells.
Your spell library was empty.

Inventory:

Hand Weapons
 a - a +0 shortbow (weapon)
Armour
 c - a +0 robe (worn)
 f - a +2 hat (worn)
Jewellery
 d - an amulet of the acrobat (around neck)
 e - a ring of positive energy (left hand)
 h - a ring of resist corrosion (right hand)
Scrolls
 g - a scroll of identify
Potions
 j - a potion of curing

Dungeon Overview and Level Annotations

Branches:
Dungeon (6/15)             Temple (1/1) D:5

Altars:
Ashenzari
Cheibriados
Dithmenos
Fedhas
Hepliaklqana
Kikubaaqudgha
Makhleb
Nemelex Xobeh
Qazlal
Trog
Uskayaw
Vehumet
Wu Jian
Xom
Zin
The Shining One

Shops:
D:1 =


Message History

You shoot an arrow. The arrow barely misses the human.
The human barely misses you.
You shoot an arrow. The arrow hits the human.
The human is moderately wounded.
The human barely misses you.
You shoot an arrow. The arrow hits the human!
The human is heavily wounded.
The human hits you with a +0 club.
You shoot an arrow.
The arrow hits the human but does no damage.
The human is heavily wounded.
The human completely misses you.
You shoot an arrow. The arrow closely misses the human.
The human barely misses you.
You shoot an arrow. The arrow hits the human.
The human is heavily wounded.
The human hits you with a +0 club.
You shoot an arrow. The arrow hits the human.
The human is severely wounded.
The human completely misses you.
You shoot an arrow.
The arrow hits the human but does no damage.
The human is severely wounded.
The human hits you but does no damage.
You shoot an arrow. The arrow hits the human.
The human is severely wounded.
The human closely misses you.
You shoot an arrow.
The arrow hits the human but does no damage.
The human is severely wounded.
The human completely misses you.
You shoot an arrow. The arrow closely misses the human.
The human completely misses you.
You shoot an arrow. The arrow closely misses the human.
The human hits you with a +0 club!
You shoot an arrow.
The arrow hits the human but does no damage.
The human is severely wounded.
The human hits you with a +0 club!
You die...

#... ......'
#.#### .....## +
.....### .....# .#
#......#
#....##...#
.......#
#####.........#
.......#
#.......##...p.
.......#
#...<.....pp...
.>.....#
#.##.##p##....
.).....#.#.#####@#
..
......##.........#
......#####....###
......'...'....#
......#####....#
####### #..(.#
#....# #>...#
.......


You could see a human.

Vanquished Creatures
  Prince Ribbit (D:5)
  4 humans (D:6)
  An ogre (D:4)
  A phantom (D:4)
  A bullfrog (D:5)
  4 scorpions
  A howler monkey (D:4)
  A bombardier beetle (D:5)
  3 hounds
  2 iguanas
  Jessica (D:3)
  An orc wizard (D:3)
  5 adders
  A shadow imp (D:4)
  A ribbon worm (D:2)
  3 dart slugs
  11 orcs
  3 endoplasms
  2 giant cockroaches (D:2)
  10 goblins
  8 hobgoblins
  6 quokkas
  4 ball pythons
  8 bats
  9 frilled lizards (D:5)
  5 kobolds
  3 rats
100 creatures vanquished.

Notes
Turn   | Place    | Note
-------+----------+-------------------------------------------
     0 | D:1      | qw the Spriggan Hunter began the quest for the Orb.
     0 | D:1      | Reached XP level 1. HP: 10/10 MP: 2/2
     0 | D:1      | 0 ||| qw: Version: 0.3-a-160-g6735b56
     0 | D:1      | 0 ||| qw: Game counter: 4832
     0 | D:1      | 0 ||| qw: Melee chars always use a shield: true
     0 | D:1      | 0 ||| qw: God list: Okawaru
     0 | D:1      | 0 ||| qw: Allow faded altars: false
     0 | D:1      | 0 ||| qw: Do Orc after clearing Dungeon:15 true
     0 | D:1      | 0 ||| qw: Do second Lair branch before Depths: true
     0 | D:1      | 0 ||| qw: Lair rune preference: random
     0 | D:1      | 0 ||| qw: Goals: Normal
     0 | D:1      | 0 ||| PLANNING D:1-11
    46 | D:1      | Reached skill level 3 in Dodging
   132 | D:1      | Reached XP level 2. HP: 14/14 MP: 3/3
   304 | D:1      | Found Maurchaem's Jewellery Shoppe.
   310 | D:1      | 310 ||| SHOPLISTING +4 ring of protection (504 gold, have
                  | 38).
   310 | D:1      | 310 ||| SHOPLISTING +6 ring of dexterity (504 gold, have
                  | 38).
   310 | D:1      | 310 ||| SHOPLISTING ring "Qaplomak" {rC+ EV+5 Dex+5} (847
                  | gold, have 38).
   310 | D:1      | 310 ||| SHOPLISTING ring of Dainexka {rElec MP+9} (476
                  | gold, have 38).
   310 | D:1      | 310 ||| SHOPLISTING ring of poison resistance (280 gold,
                  | have 38).
   310 | D:1      | 310 ||| SHOPLISTING ring of protection from cold (350 gold,
                  | have 38).
   310 | D:1      | 310 ||| SHOPLISTING ring of willpower (350 gold, have 38).
   705 | D:1      | 705 ||| UPGRADING to +2 hat.
   710 | D:1      | 710 ||| UPGRADING to ring of positive energy.
   711 | D:1      | 711 ||| READING scroll labelled AWAAC YLUA.
   711 | D:1      | 711 ||| IDENTIFYING fizzy blue potion
   712 | D:1      | 712 ||| DROPPING scroll of butterflies.
   763 | D:2      | Reached XP level 3. HP: 18/18 MP: 4/4
   829 | D:2      | HP: 4/18 [ribbon worm (2)]
  1360 | D:2      | Reached XP level 4. HP: 22/22 MP: 5/5
  1400 | D:2      | 1400 ||| READING scroll labelled HOOLEI TEUSUWK.
  1401 | D:2      | 1401 ||| READING scroll labelled MEN AREIBUSIA.
  1402 | D:2      | 1402 ||| READING scroll labelled EMAUD HIHIE.
  1402 | D:2      | 1402 ||| ENCHANTING +0 shortbow.
  1600 | D:3      | 1600 ||| DRINKING potion of curing.
  1600 | D:3      | 1600 ||| (to cure confusion)
  1603 | D:3      | HP: 5/22 [orc/+0 mace (7)]
  1711 | D:3      | Noticed Jessica
  1721 | D:3      | Killed Jessica
  1799 | D:3      | Reached XP level 5. HP: 19/26 MP: 6/6
  2555 | D:3      | 2555 ||| UPGRADING to amulet of the acrobat.
  2560 | D:3      | 2560 ||| READING scroll of identify.
  2560 | D:3      | 2560 ||| IDENTIFYING puce potion
  2561 | D:3      | 2561 ||| READING 2 scrolls labelled YKILOBU JEIQE.
  2601 | D:3      | 2601 ||| READING 2 scrolls labelled QOIPRO POATUU.
  2604 | D:3      | 2604 ||| DROPPING scroll of torment.
  2605 | D:3      | 2605 ||| DROPPING potion of attraction.
  2759 | D:4      | Noticed a phantom
  2766 | D:4      | 2766 ||| RETREEEEATING.
  2769 | D:4      | Killed a phantom
  2824 | D:4      | Reached skill level 6 in Ranged Weapons
  2955 | D:4      | Reached XP level 6. HP: 16/30 MP: 7/7
  3103 | D:4      | 3103 ||| DROPPING +2 sling of flaming.
  3421 | D:4      | 3421 ||| UPGRADING to ring of resist corrosion.
  3422 | D:4      | 3422 ||| READING 2 scrolls of identify.
  3422 | D:4      | 3422 ||| IDENTIFYING amethyst potion
  3447 | D:5      | Entered Level 5 of the Dungeon
  3450 | D:5      | 3450 ||| STAIRDANCE
  3458 | D:4      | Reached skill level 6 in Dodging
  3460 | D:5      | 3460 ||| STAIRDANCE
  3460 | D:5      | HP: 7/30 [ogre/+0 giant club (23)]
  3462 | D:4      | 3462 ||| READING scroll of teleportation.
  3463 | D:4      | 3463 ||| DRINKING potion of heal wounds.
  3514 | D:5      | HP: 7/30 [poisoned by a scorpion]
  3519 | D:5      | HP: 3/30 [poisoned by a scorpion]
  3522 | D:5      | 3522 ||| STAIRDANCE
  3524 | D:4      | 3524 ||| FLEEEEING.
  3525 | D:4      | 3525 ||| FLEEEEING.
  3526 | D:4      | 3526 ||| FLEEEEING.
  3527 | D:4      | 3527 ||| FLEEEEING.
  3528 | D:4      | 3528 ||| FLEEEEING.
  3529 | D:4      | 3529 ||| FLEEEEING.
  3530 | D:4      | 3530 ||| FLEEEEING.
  3531 | D:4      | 3531 ||| FLEEEEING.
  3533 | D:4      | 3533 ||| FLEEEEING.
  3535 | D:4      | 3535 ||| FLEEEEING.
  3536 | D:4      | 3536 ||| FLEEEEING.
  3537 | D:4      | 3537 ||| FLEEEEING.
  3539 | D:4      | 3539 ||| FLEEEEING.
  3540 | D:4      | 3540 ||| FLEEEEING.
  3546 | D:4      | 3546 ||| FLEEEEING.
  3547 | D:4      | 3547 ||| FLEEEEING.
  3548 | D:4      | 3548 ||| FLEEEEING.
  3549 | D:4      | 3549 ||| FLEEEEING.
  3550 | D:4      | 3550 ||| FLEEEEING.
  3553 | D:4      | 3553 ||| FLEEEEING.
  3554 | D:4      | 3554 ||| FLEEEEING.
  3555 | D:4      | 3555 ||| FLEEEEING.
  3556 | D:4      | 3556 ||| FLEEEEING.
  3557 | D:4      | 3557 ||| FLEEEEING.
  3558 | D:4      | 3558 ||| FLEEEEING.
  3559 | D:4      | 3559 ||| FLEEEEING.
  3560 | D:4      | 3560 ||| FLEEEEING.
  3565 | D:4      | 3565 ||| FLEEEEING.
  3566 | D:4      | 3566 ||| FLEEEEING.
  3567 | D:4      | 3567 ||| FLEEEEING.
  3568 | D:4      | 3568 ||| FLEEEEING.
  3569 | D:4      | 3569 ||| FLEEEEING.
  3570 | D:4      | 3570 ||| FLEEEEING.
  3571 | D:4      | 3571 ||| FLEEEEING.
  3572 | D:4      | 3572 ||| FLEEEEING.
  3573 | D:4      | 3573 ||| FLEEEEING.
  3574 | D:4      | 3574 ||| FLEEEEING.
  3575 | D:4      | 3575 ||| FLEEEEING.
  3594 | D:4      | 3594 ||| FLEEEEING.
  3595 | D:4      | 3595 ||| FLEEEEING.
  3597 | D:4      | 3597 ||| FLEEEEING.
  3600 | D:4      | 3600 ||| FLEEEEING.
  3602 | D:4      | 3602 ||| FLEEEEING.
  3603 | D:4      | 3603 ||| FLEEEEING.
  3604 | D:4      | 3604 ||| FLEEEEING.
  3605 | D:4      | 3605 ||| FLEEEEING.
  3606 | D:4      | 3606 ||| FLEEEEING.
  3702 | D:5      | 3702 ||| FLEEEEING.
  3703 | D:5      | 3703 ||| STAIRDANCE
  3730 | D:5      | Reached XP level 7. HP: 33/35 MP: 8/8
  3909 | D:5      | Noticed Prince Ribbit
  3916 | D:5      | 3916 ||| FLEEEEING.
  3917 | D:5      | 3917 ||| FLEEEEING.
  3919 | D:5      | 3919 ||| FLEEEEING.
  3925 | D:5      | 3925 ||| FLEEEEING.
  3926 | D:5      | 3926 ||| FLEEEEING.
  3927 | D:5      | 3927 ||| FLEEEEING.
  3937 | D:5      | 3937 ||| FLEEEEING.
  3938 | D:5      | 3938 ||| FLEEEEING.
  3939 | D:5      | 3939 ||| FLEEEEING.
  3940 | D:5      | 3940 ||| FLEEEEING.
  3941 | D:5      | 3941 ||| FLEEEEING.
  3942 | D:5      | 3942 ||| FLEEEEING.
  3943 | D:5      | 3943 ||| FLEEEEING.
  3944 | D:5      | 3944 ||| FLEEEEING.
  3945 | D:5      | 3945 ||| FLEEEEING.
  3946 | D:5      | 3946 ||| FLEEEEING.
  3947 | D:5      | 3947 ||| FLEEEEING.
  3948 | D:5      | 3948 ||| FLEEEEING.
  3949 | D:5      | 3949 ||| FLEEEEING.
  3950 | D:5      | 3950 ||| FLEEEEING.
  3951 | D:5      | 3951 ||| FLEEEEING.
  3952 | D:5      | 3952 ||| FLEEEEING.
  3959 | D:5      | Killed Prince Ribbit
  3960 | D:5      | 3960 ||| FLEEEEING.
  3961 | D:5      | 3961 ||| FLEEEEING.
  3962 | D:5      | 3962 ||| FLEEEEING.
  3963 | D:5      | 3963 ||| FLEEEEING.
  3964 | D:5      | 3964 ||| FLEEEEING.
  3966 | D:5      | 3966 ||| FLEEEEING.
  3967 | D:5      | 3967 ||| FLEEEEING.
  3968 | D:5      | 3968 ||| FLEEEEING.
  3969 | D:5      | 3969 ||| FLEEEEING.
  3970 | D:5      | 3970 ||| FLEEEEING.
  3972 | D:5      | 3972 ||| FLEEEEING.
  3975 | D:5      | 3975 ||| FLEEEEING.
  3976 | D:5      | 3976 ||| FLEEEEING.
  3978 | D:5      | 3978 ||| FLEEEEING.
  3979 | D:5      | 3979 ||| FLEEEEING.
  3980 | D:5      | 3980 ||| FLEEEEING.
  3981 | D:5      | 3981 ||| FLEEEEING.
  3982 | D:5      | 3982 ||| STAIRDANCE
  4055 | D:4      | 4055 ||| READING scroll of identify.
  4055 | D:4      | 4055 ||| IDENTIFYING scroll labelled YPLEGG WUAD
  4056 | D:4      | 4056 ||| DROPPING scroll of vulnerability.
  4132 | D:5      | Found a staircase to the Ecumenical Temple.
  4133 | D:5      | 4133 ||| PLANNING TEMPLE
  4140 | Temple   | Entered the Ecumenical Temple
  4141 | Temple   | 4141 ||| PLANNING D:1-11
  4674 | D:5      | 4674 ||| READING scroll labelled LIUCIATIAV.
  4737 | D:6      | Reached XP level 8. HP: 39/39 MP: 9/9
  4749 | D:6      | 4749 ||| RETREEEEATING.
  4751 | D:6      | 4751 ||| RETREEEEATING.
  4753 | D:6      | 4753 ||| RETREEEEATING.
  4754 | D:6      | 4754 ||| RETREEEEATING.
  4778 | D:6      | Reached skill level 3 in Fighting
  4778 | D:6      | HP: 10/40 [human/+0 club (7)]
  4779 | D:6      | 4779 ||| DRINKING potion of heal wounds.
  4790 | D:6      | Reached skill level 9 in Ranged Weapons
  4807 | D:6      | Reached skill level 9 in Dodging
  4819 | D:6      | HP: 3/40 [human/+0 club (11)]
  4820 | D:6      | Mangled by a human

Levels and vault maps discovered:
D:1:      dpeg_arrival_subterranean_lakeside_camping, layout_loops_ring,
          serial_shops, shop
D:2:      layout_loops_ring
D:3:      layout_basic, uniq_jessica
D:4:      layout_loops_cross, hangedman_decor_opposing
D:5:      layout_basic, minmay_temple_entry_slanted, minmay_lizard_king,
          uniq_prince_ribbit1
D:6:      layout_basic, mainiacjoe_overflow_cross_hatched, minmay_ruffians
Temple:   nicolae_temple_bog_church

Skill      XL: |  1  2  3  4  5  6  7  8 |
---------------+-------------------------+-----
Dodging        | 3 4 5 6 8 9 |  9.2
Ranged Weapons | 5 6 7 8 9 |  9.0
Fighting       | 2 3 |  3.1
Stealth        | |  1.5

Action                     |  1- 3 |  4- 6 |  7- 9 || total
---------------------------+-------+-------+-------++-------
   Fire: Shortbow          |   121 |   180 |   167 ||   468
    Use: Scroll            |     1 |     8 |     2 ||    11
         Potion            |       |     2 |     1 ||     3
 Armour: Robe              |    22 |    36 |    39 ||    97
  Dodge: Dodged            |    55 |   109 |    83 ||   247

Table legend:
 A = Non-vault XP
 B = Vault XP
 C = Vault XP percentage of total XP
 D = Non-vault monster count
 E = Vault monster count
 F = Vault count percentage of total count
                 A         B        C        D         E       F
            +---------+---------+-------+---------+---------+-------
      Total |    1138 |    1161 |  50.5 |      78 |      22 |  22.0
            +---------+---------+-------+---------+---------+-------
        D:1 |      14 |       8 |  36.4 |       8 |       6 |  42.9
        D:2 |      76 |       0 |   0.0 |      23 |       0 |   0.0
        D:3 |      65 |      37 |  36.3 |      11 |       1 |   8.3
        D:4 |     418 |       0 |   0.0 |      25 |       0 |   0.0
        D:5 |     477 |     328 |  40.7 |      10 |      11 |  52.4
        D:6 |      88 |     788 |  90.0 |       1 |       4 |  80.0
            +---------+---------+-------+---------+---------+-------
